 Dungeon Crawl Stone Soup version 0.29-a0-575-g0dc89cf053 (webtiles) character file.

Game seed: 10160294680938277912

68 xSliceyx the Covered (level 4, -1/35 HPs)
             Began as a Formicid Fighter on June 12, 2022.
             Slain by a hobgoblin (4 damage)
             ... on level 3 of the Dungeon.
             The game lasted 00:07:38 (2844 turns).

xSliceyx the Covered (Formicid Fighter)             Turns: 2844, Time: 00:07:38

Health: -1/35      AC:  7    Str: 24    XL:     4   Next: 41%
Magic:  4/4        EV:  9    Int:  8    God:
Gold:   47         SH:  5    Dex: 18    Spells: 3/3 levels left

rFire   . . .      SeeInvis +   a - +0 flail
rCold   . . .      Faith    .   c - +0 buckler
rNeg    . . .      Spirit   .   b - +0 scale mail
rPois   .          Reflect  .   (helmet unavailable)
rElec   .          Harm     .   (no cloak)
rCorr   +          Rampage  .   (no gloves)
Will    .....                   (no boots)
Stlth   ..........              (no amulet)
HPRegen 0.11/turn               k - ring of Nonkus {rCorr Str+4 Dex+6}
MPRegen 0.09/turn               (no ring)

@: mighty, brilliant, lethally poisoned (-1 -> -3)
A: permanent stasis, dig shafts and tunnels, antennae 3, four strong arms, agile
1, weak 1, devolution 1
a: Dig, Shaft Self


You were on level 3 of the Dungeon.
You visited 1 branch of the dungeon, and saw 3 of its levels.

You collected 47 gold pieces.

Inventory:

Hand Weapons
 a - a +0 flail (weapon)
Missiles
 l - 4 poisoned darts
Armour
 b - a +0 scale mail (worn)
 c - a +0 buckler (worn)
 e - a +0 chain mail
Jewellery
 k - the ring of Nonkus (left hand) {rCorr Str+4 Dex+6}
   (You found it on level 2 of the Dungeon)

   [ring of dexterity]

   Str:       It affects your strength (+4).
   Dex:       It affects your dexterity (+6).
   rCorr:     It protects you from acid and corrosion.
Scrolls
 f - 2 scrolls of teleportation {unknown}
 h - a scroll of enchant weapon {unknown}
 i - a scroll of fog {unknown}
 m - a scroll of torment {unknown}
Potions
 g - a potion of brilliance


   Skills:
 - Level 3.2 Fighting
 - Level 2.0 Maces & Flails
 + Level 5.4 Armour
 - Level 4.0 Shields


You had 3 spell levels left.
You didn't know any spells.
Your spell library was empty.

Dungeon Overview and Level Annotations

Branches:
Dungeon (3/15)

Altars:
Kikubaaqudgha
Vehumet


Innate Abilities, Weirdness & Mutations

You cannot be hasted, slowed, berserked, paralysed or teleported.
You can dig through walls and to a lower floor.
You have a pair of large antennae on your head. (SInv)
Your four strong arms can wield two-handed weapons with a shield.
You are agile. (Dex +2)
You are weak. (Str -2)
You have hidden genetic defects.


Message History

You closely miss the water moccasin. The water moccasin bites you.
You are poisoned.
The water moccasin poisons you! You block the water moccasin's attack.
You block the orc's attack.
You barely miss the water moccasin.
You feel very sick. The water moccasin bites you.
You are more poisoned.
The water moccasin poisons you! You block the orc's attack.
You block the water moccasin's attack.
You barely miss the water moccasin.
You feel very sick.
The water moccasin bites you but does no damage.
The orc barely misses you. The water moccasin barely misses you.
The hobgoblin attacks as you move away! You block the hobgoblin's attack.
You feel very sick.
It was a potion of brilliance.
You feel clever all of a sudden.
You feel very sick. The hobgoblin hits you.
It was a potion of mutation.
You feel extremely strange.
You feel weaker.
You feel a hidden malignance growing inside you.
You feel agile.
* * * LOW HITPOINT WARNING * * *
You feel sick.
The hobgoblin hits you but does no damage.
The hobgoblin attacks as you move away! The hobgoblin barely misses you.
* * * LOW HITPOINT WARNING * * *
You feel sick.
* * * LOW HITPOINT WARNING * * *
You feel sick.
* * * LOW HITPOINT WARNING * * *
You feel sick.
* * * LOW HITPOINT WARNING * * *
You feel sick.
You feel very mighty all of a sudden.
* * * LOW HITPOINT WARNING * * *
You feel sick. The hobgoblin hits you.
You die...

##..........#....P.
#.###......#....#.
#.###.####.#._..##
#..........#....#.
#.##.#####.#......
#..#.# #.#.#..PP
#######....### #.###..PP
........##...###...P....
#######@##†#...#........
.......g##.###.....[.)..
###.###S##.# ##########.
#.....#o.>.# ##
.#.....#.#### .....o...#
.#..>..#.# #.....#.#
###.###.#


You could see a water moccasin, an orc and a hobgoblin.

Vanquished Creatures
  2 adders
  A dart slug (D:1)
  5 orcs (D:3)
  5 ball pythons
  4 bats
  3 endoplasms
  A giant cockroach (D:1)
  A goblin (D:3)
  9 hobgoblins
  A quokka (D:2)
  A frilled lizard (D:1)
  2 kobolds
  4 rats
39 creatures vanquished.

Vanquished Creatures (others)
  A withered plant (D:3)
1 creature vanquished.

Grand Total: 40 creatures vanquished

Notes
Turn   | Place    | Note
-------+----------+-------------------------------------------
     0 | D:1      | xSliceyx the Formicid Fighter began the quest for the Orb.
     0 | D:1      | Reached XP level 1. HP: 18/18 MP: 1/1
   471 | D:1      | Reached XP level 2. HP: 24/24 MP: 2/2
   481 | D:1      | Reached skill level 4 in Armour
   483 | D:1      | Found a faded altar of an unknown god.
   976 | D:1      | Reached XP level 3. HP: 29/29 MP: 3/3
  1392 | D:2      | Found a radiant altar of Vehumet.
  1513 | D:2      | Identified the ring of Nonkus {rCorr Str+4 Dex+6}
  2504 | D:3      | Found an ancient bone altar of Kikubaaqudgha.
  2546 | D:3      | Reached skill level 5 in Armour
  2546 | D:3      | Reached XP level 4. HP: 27/35 MP: 4/4
  2832 | D:3      | Noticed a water moccasin
  2839 | D:3      | Gained mutation: You are weak. (Str -2) [potion of
                  | mutation]
  2839 | D:3      | Gained mutation: You have hidden genetic defects. [potion
                  | of mutation]
  2839 | D:3      | Gained mutation: You are agile. (Dex +2) [potion of
                  | mutation]
  2844 | D:3      | Slain by a hobgoblin

Illustrated notes

Levels and vault maps discovered:
D:1:      dpeg_arrival_radiant, layout_rooms,
          shapermc_ecumenical_altar_acropolis, serial_co_window_serial,
          co_window_corner_a, co_window_paths_a, co_window_paths_a,
          co_window_corner_a, co_window_corner_a, co_window_broadway_b,
          co_window_broadway_b, co_window_broadway_a,
          co_window_of_opportunity_c, co_window_corner_b,
          co_window_of_opportunity_c, glass_columns_b, glass_columns_a,
          glass_columns_a, glass_columns_b, glass_columns_a
D:2:      layout_basic, basic_altar
D:3:      layout_loops_ring, lemuel_round_altar, kiku_gazebo_garden_becter,
          dk_noncrumbling_4, st_stairs_3

Skill      XL: |  1  2  3 |
---------------+----------+-----
Armour         | 4 5 |  5.4
Fighting       | |  3.2
Maces & Flails | |  2.0
Shields        | |  4.0

Action                   |  1- 3 |  4- 6 || total
-------------------------+-------+-------++-------
Melee: Flail             |    98 |    30 ||   128
  Use: Potion            |       |     3 ||     3
Armor: Scale mail        |    44 |    15 ||    59
Dodge: Dodged            |    38 |    27 ||    65
Block: Buckler           |    23 |    18 ||    41

Table legend: (Time is in decaauts)
 A = Elapsed time spent in this place.
 B = Non-inter-level travel time spent in this place.
 C = Inter-level travel time spent in this place.
 D = Time resting spent in this place.
 E = Time spent auto-exploring this place.
 F = Levels seen in this place.
 G = Mean time per level.
                   A        B        C        D        E       F      G
               +--------+--------+--------+--------+--------+-----+--------+
         Total |   2885 |   2691 |    194 |    569 |   1638 |   3 |  961.7 |
       Dungeon |   2885 |   2691 |    194 |    569 |   1638 |   3 |  961.7 |
               +--------+--------+--------+--------+--------+-----+--------+

Top non-repeatable levels by time:
     D:1: 1294 daAuts
     D:2: 1167 daAuts
     D:3: 423 daAuts
